 Dungeon Crawl Stone Soup version 0.27.0-1-g7a089689b8 (webtiles) character file.

Game seed: 15724274154977703919

399 inmateoo the Insei (level 6, 0/47 HPs)
             Began as a Gnoll Transmuter on Aug 2, 2021.
             Slain by a wyvern zombie (7 damage)
             ... on level 5 of the Dungeon.
             The game lasted 00:03:25 (4050 turns).

inmateoo the Insei (Gnoll Transmuter)               Turns: 4050, Time: 00:03:25

Health: 0/47       AC:  2    Str:  9    XL:     6   Next: 84%
Magic:  9/14       EV: 13    Int: 14    God:
Gold:   185        SH:  0    Dex: 13    Spells: 2/15 levels left

rFire    . . .     SeeInvis .     - Unarmed
rCold    . . .     Faith    .   (no shield)
rNeg     . . .     Spirit   .   a - +0 robe
rPois    .         Reflect  .   (helmet currently unavailable)
rElec    .         Harm     .   (no cloak)
rCorr    .         Rampage  .   (no gloves)
Will     .....                  (boots currently unavailable)
Stlth    ++........             (no amulet)
HPRegen  0.15/turn              (no ring)
MPRegen  0.14/turn              (no ring)

@: appendages (expiring), freezing walls
A: horns 2, talons 2, fangs 1, strong nose, distributed training
a: End Transformation


You were on level 5 of the Dungeon.
You had temporarily grown beastly horns and talons.
You visited 1 branch of the dungeon, and saw 5 of its levels.

You collected 185 gold pieces.

Inventory:

Missiles
 b - a throwing net
Armour
 a - a +0 robe (worn)
Jewellery
 h - a ring of protection from cold
 j - an amulet of faith
Scrolls
 d - a scroll of teleportation
 e - a scroll of identify
Potions
 c - a potion of brilliance
 f - a potion of might
 g - a potion of curing
 l - a potion of lignification {unknown}


   Skills:
 + Level 3.3 Fighting
 + Level 2.1 Short Blades
 + Level 2.1 Long Blades
 + Level 2.1 Axes
 + Level 2.1 Maces & Flails
 + Level 2.1 Polearms
 + Level 2.1 Staves
 + Level 2.1 Slings
 + Level 2.1 Bows
 + Level 2.1 Crossbows
 + Level 2.1 Throwing
 + Level 2.1 Armour
 + Level 5.0 Dodging
 + Level 2.1 Stealth
 + Level 2.1 Shields
 + Level 6.9 Unarmed Combat
 + Level 5.4 Spellcasting
 + Level 1.7 Conjurations
 + Level 1.7 Hexes
 + Level 1.7 Summonings
 + Level 1.7 Necromancy
 + Level 1.7 Translocations
 + Level 4.2 Transmutations
 + Level 1.7 Fire Magic
 + Level 1.7 Ice Magic
 + Level 1.7 Air Magic
 + Level 1.7 Earth Magic
 + Level 1.7 Poison Magic
 + Level 2.3 Invocations
 + Level 2.1 Evocations


You had 2 spell levels left.
You knew the following spells:

 Your Spells              Type           Power      Damage    Failure   Level
a - Beastly Appendage     Tmut           30%        N/A       3%          1
b - Wereblood             Tmut           15%        N/A       4%          2
c - Spider Form           Tmut/Pois      6%         N/A       16%         3
d - Frozen Ramparts       Ice            16%        1d3       24%         3
e - Ice Form              Ice/Tmut       12%        N/A       45%         4

Your spell library contained the following spells:

 Spells                   Type           Power      Damage    Failure   Level
 Freeze                   Ice            32%        1d5       9%          1
 Gell's Gravitas          Tloc           4%         N/A       24%         3
 Teleport Other           Tloc           8%         N/A       24%         3
 Hailstorm                Conj/Ice       8%         3d4       63%         4
 Dispersal                Tloc           4%         N/A       100%        6


Dungeon Overview and Level Annotations

Branches:
Dungeon (5/15)
 Temple: D:4-7

Altars:
Gozag
Makhleb
Qazlal
Uskayaw
Xom

Shops:
D:4 *


Innate Abilities, Weirdness & Mutations

You have temporarily grown beastly horns and talons.
You have very sharp teeth.
Your uncanny sense of smell can sniff out nearby items.
Your experience applies equally to all skills.


Message History

The wall freezes the wyvern zombie but does no damage.
The wyvern zombie barely misses you.
You hit the wyvern zombie.
The wyvern zombie is moderately damaged.
Your transformation is almost over.
The wyvern zombie completely resists.
The wall freezes the wyvern zombie but does no damage.
The wyvern zombie bites you.
You hit the wyvern zombie. Your kick misses the wyvern zombie.
The wyvern zombie is heavily damaged.
The wyvern zombie completely resists.
The wall freezes the wyvern zombie but does no damage.
The wyvern zombie misses you.
You hit the wyvern zombie.
You claw the wyvern zombie, but do no damage.
You headbutt the wyvern zombie.
The wyvern zombie is heavily damaged.
The frozen ramparts melt away.
The wyvern zombie bites you!
You barely miss the wyvern zombie.
The wyvern zombie is heavily damaged.
The wyvern zombie barely misses you. The wyvern zombie bites you.
You hit the wyvern zombie. You headbutt the wyvern zombie.
The wyvern zombie is severely damaged.
The wyvern zombie bites you!
Casting: Frozen Ramparts (dangerous; 24% risk of failure)
Confirm with . or Enter, or press ? or * to list all spells.
Casting: Frozen Ramparts (dangerous; 24% risk of failure)
Press: ? - help, Dir - look around, f - activate The walls around you are covered in ice.
The wyvern zombie completely resists.
The wall freezes the wyvern zombie but does no damage.
The wyvern zombie bites you!
* * * LOW HITPOINT WARNING * * *
You barely miss the wyvern zombie.
You bite the wyvern zombie, but do no damage.
The wyvern zombie is severely damaged.
The wyvern zombie completely resists.
The wall freezes the wyvern zombie but does no damage.
The wyvern zombie bites you!
You die...

#.......>..#
#..........#
#..........#
###..........#
........)....#
.............#
.............#
......#Z#......
......#@#.#....
..... #.....#.#
..... #..[.....
.... .........
.... ........#
.#.#......
.#.#......
...........


You could see a wyvern zombie.

Vanquished Creatures
  A black bear (D:4)
  A scorpion (D:3)
  An orc priest (D:3)
  A hound (D:4)
  An iguana (D:4)
  8 adders
  A shadow imp (D:4)
  A worm (D:2)
  2 dart slugs
  6 orcs
  2 bats
  8 endoplasms
  9 goblins
  3 hobgoblins
  4 jackals
  7 kobolds
  3 quokkas
  6 ball pythons
  2 frilled lizards
  5 rats
72 creatures vanquished.

Notes
Turn   | Place    | Note
-------+----------+-------------------------------------------
     0 | D:1      | inmateoo the Gnoll Transmuter began the quest for the Orb.
     0 | D:1      | Reached XP level 1. HP: 17/17 MP: 6/6
    87 | D:1      | Reached XP level 2. HP: 23/23 MP: 5/7
   120 | D:1      | Learned a level 2 spell: Wereblood
   332 | D:1      | Found a faded altar of an unknown god.
   800 | D:2      | Reached skill level 5 in Spellcasting
   800 | D:2      | Reached XP level 3. HP: 28/28 MP: 6/9
   808 | D:2      | Reached skill level 1 in Invocations
   821 | D:2      | Learned a level 3 spell: Spider Form
   830 | D:2      | Learned a level 3 spell: Frozen Ramparts
   882 | D:2      | Found a stormy altar of Qazlal.
  1099 | D:2      | Reached skill level 1 in Short Blades
  1099 | D:2      | Reached skill level 1 in Long Blades
  1099 | D:2      | Reached skill level 1 in Axes
  1099 | D:2      | Reached skill level 1 in Maces & Flails
  1099 | D:2      | Reached skill level 1 in Polearms
  1099 | D:2      | Reached skill level 1 in Staves
  1099 | D:2      | Reached skill level 1 in Slings
  1099 | D:2      | Reached skill level 1 in Bows
  1099 | D:2      | Reached skill level 1 in Crossbows
  1099 | D:2      | Reached skill level 1 in Throwing
  1099 | D:2      | Reached skill level 1 in Armour
  1099 | D:2      | Reached skill level 1 in Stealth
  1099 | D:2      | Reached skill level 1 in Shields
  1099 | D:2      | Reached skill level 1 in Evocations
  1099 | D:2      | Reached XP level 4. HP: 34/34 MP: 9/11
  1651 | D:3      | Found a hide-covered altar of Uskayaw.
  1802 | D:3      | Reached skill level 1 in Conjurations
  1802 | D:3      | Reached skill level 1 in Hexes
  1802 | D:3      | Reached skill level 1 in Summonings
  1802 | D:3      | Reached skill level 1 in Necromancy
  1802 | D:3      | Reached skill level 1 in Translocations
  1802 | D:3      | Reached skill level 1 in Fire Magic
  1802 | D:3      | Reached skill level 1 in Ice Magic
  1802 | D:3      | Reached skill level 1 in Air Magic
  1802 | D:3      | Reached skill level 1 in Earth Magic
  1802 | D:3      | Reached skill level 1 in Poison Magic
  1810 | D:3      | Reached XP level 5. HP: 32/40 MP: 9/12
  2875 | D:3      | Found an opulent altar of Gozag.
  2886 | D:3      | Found a shimmering altar of Xom.
  2963 | D:4      | Learned a level 4 spell: Ice Form
  2966 | D:4      | Found Osiolum's Assorted Antiques.
  2991 | D:4      | Found a burning altar of Makhleb.
  3048 | D:4      | Reached XP level 6. HP: 45/47 MP: 13/13
  3478 | D:4      | Noticed a black bear
  3486 | D:4      | Reached skill level 5 in Dodging
  3490 | D:4      | Killed a black bear
  4028 | D:5      | Entered Level 5 of the Dungeon
  4050 | D:5      | Slain by a wyvern zombie

Illustrated notes

Levels and vault maps discovered:
D:1:      dpeg_arrival_round_b, layout_rooms,
          shapermc_ecumenical_altar_mp_ritualfount, hangedman_decor_push,
          minmay_pentomino_p4
D:2:      minmay_chambers_of_ones, layout_loops_ring, basic_altar
D:3:      layout_basic, mainiacjoe_overflow_large_starburst,
          mainiacjoe_overflow_six_doors_small
D:4:      layout_layer_cave, bloody_makhleb, nicolae_take_the_stairs
D:5:      layout_basic, patterned_corridor

Skill      XL: |  1  2  3  4  5  6 |
---------------+-------------------+-----
Spellcasting   | 5 |  5.4
Invocations    | 1 2 |  2.3
Short Blades   | 1 2 |  2.1
Long Blades    | 1 2 |  2.1
Axes           | 1 2 |  2.1
Maces & Flails | 1 2 |  2.1
Polearms       | 1 2 |  2.1
Staves         | 1 2 |  2.1
Slings         | 1 2 |  2.1
Bows           | 1 2 |  2.1
Crossbows      | 1 2 |  2.1
Throwing       | 1 2 |  2.1
Armour         | 1 2 |  2.1
Stealth        | 1 2 |  2.1
Shields        | 1 2 |  2.1
Evocations     | 1 2 |  2.1
Conjurations   | 1 |  1.7
Hexes          | 1 |  1.7
Summonings     | 1 |  1.7
Necromancy     | 1 |  1.7
Translocations | 1 |  1.7
Fire Magic     | 1 |  1.7
Ice Magic      | 1 |  1.7
Air Magic      | 1 |  1.7
Earth Magic    | 1 |  1.7
Poison Magic   | 1 |  1.7
Fighting       | 3 |  3.3
Transmutations | 4 |  4.2
Dodging        | 5 |  5.0
Unarmed Combat | |  6.9

Action                   |  1- 3 |  4- 6 || total
-------------------------+-------+-------++-------
Melee: Unarmed           |    70 |   134 ||   204
       Kick              |     9 |    20 ||    29
       Headbutt          |     5 |    11 ||    16
       Bite              |     4 |    10 ||    14
       Punch             |     2 |       ||     2
 Cast: Beastly Appendage |    22 |    20 ||    42
       Spider Form       |       |     2 ||     2
       Frozen Ramparts   |       |     2 ||     2
  Use: Scroll            |       |     7 ||     7
 Stab: Sleeping          |     1 |     2 ||     3
       Distracted        |       |     1 ||     1
Armor: Robe              |    12 |    12 ||    24
       Skin              |       |     1 ||     1
Dodge: Dodged            |    46 |    82 ||   128
